Map: Orbital Shipyard

Players

xXxCHiiLLxXx - Winner!

  • Race: Protoss Protoss
  • League: Platinum

LilDicky

  • Race: Zerg Zerg
  • League: Diamond

VOD

http://www.twitch.tv/tumescentpie

Description

Time

  • Played on: Dec. 6, 2015, 11:42 a.m.
  • Length: 2:05
Show
View Real Time Build Order
Export as new Build Order

xXxCHiiLLxXx Protoss - Winner!

Build Orders:  

Get SALT Encoding   

  12  0:01  Probe (Chrono Boost)  
  13  0:11  Probe (Chrono Boost)  
  14  0:19  Pylon  
  14  0:22  Probe (Chrono Boost)  
  15  0:37  Probe (Chrono Boost)  
  15  0:40  Forge  
  16  0:47  Probe (Chrono Boost)  
  17  0:58  Probe (Chrono Boost)  
  18  1:10  Pylon  
  18  1:16  Probe (Chrono Boost)  
  19  1:36  Photon Cannon  
  19  1:38  Photon Cannon  
  19  1:42  Probe (Chrono Boost)  
  20  1:52  Nexus  
  20  2:01  Photon Cannon  
Show
View Real Time Build Order
Export as new Build Order

LilDicky Zerg 

Build Orders: Hatch First 

Get SALT Encoding   

  12  0:01  Drone  
  13  0:14  Drone  
  14  0:32  Extractor  
  14  0:33  Drone x2, Extractor  
  16  0:45  Hatchery  
  15  1:02  Spawning Pool  
  14  1:18  Extractor  
  13  1:20  Drone  
  13  1:22  Overlord  
  14  1:45  Drone  
Tags
 
Add a new tag
Caveats
  • Supply blocks, unpowered buildings, or Contaminate may cause inaccurate times.
  • Supply counts are checked every 10 seconds.